 Dungeon Crawl Stone Soup version 0.27-a0-328-g7f782ed93a (webtiles) character file.

Game seed: 7456494546552949063

82 inc the Stinger (level 4, 0/18 HPs)
             Began as a Felid Venom Mage on Feb 11, 2021.
             Killed by nerve-wracking pain
             ... invoked by an orc priest
              (7 damage)
             ... on level 3 of the Dungeon.
             The game lasted 00:03:42 (2618 turns).

inc the Stinger (Felid Venom Mage)                  Turns: 2618, Time: 00:03:43

Health: 0/18       AC:  1    Str:  4    XL:     4   Next: 21%
Magic:  7/8        EV: 18    Int: 18    God:
Gold:   111        SH:  0    Dex: 16    Spells: 4/7 levels left
                                        Lives:  0   Deaths: 1

rFire    . . .     SeeInvis +   (weapon unavailable)
rCold    . . .     Faith    .   (shield unavailable)
rNeg     . . .     Spirit   .   (armour unavailable)
rPois    .         Reflect  .   (helmet unavailable)
rElec    .         Harm     .   (cloak unavailable)
rCorr    .         Rampage  .   (gloves unavailable)
Will     .....                  (boots unavailable)
Stlth    +++.......             (no amulet)
HPRegen  0.06/turn              (no ring)
MPRegen  0.11/turn              (no ring)

@: quick
A: very small, no armour, no weapons or thrown items, stealth, claws 1, fangs 3,
see invisible, speed 1, shaggy fur 1, sharp paws
a: no special abilities


You were on level 3 of the Dungeon.
You visited 1 branch of the dungeon, and saw 3 of its levels.

You collected 111 gold pieces.

Inventory:

Jewellery
 f - a ring of protection from fire {unknown}
Scrolls
 b - 2 scrolls of identify {unknown}
 e - 4 scrolls of blinking {unknown}
 g - a scroll of immolation {unknown}
 h - 2 scrolls of teleportation {unknown}
Potions
 a - 2 potions of curing {unknown}
 c - a potion of ambrosia {unknown}
 d - 2 potions of heal wounds {unknown}
 i - a potion of might {unknown}
 j - 3 potions of lignification {unknown}
 k - a potion of flight {unknown}


   Skills:
 - Level 2.6 Dodging
 - Level 2.6 Stealth
 - Level 2.0 Spellcasting
 - Level 1.1 Transmutations
 + Level 5.4 Poison Magic


You had 4 spell levels left.
You knew the following spells:

 Your Spells              Type           Power        Failure   Level
a - Sting                 Tmut/Pois      52%          4%          1
b - Poisonous Vapours     Pois/Air       22%          9%          2

Your spell library contained the following spells:

 Spells                   Type           Power        Failure   Level
 Olgreb's Toxic Radiance  Pois           21%          19%         4
 Ignite Poison            Fire/Tmut/Pois 9%           22%         3
 Mephitic Cloud           Conj/Pois/Air  8%           26%         3


Dungeon Overview and Level Annotations

Branches:
Dungeon (3/15)

Altars:
Ashenzari
Xom


Innate Abilities, Weirdness & Mutations

You cannot wear armour.
You are incapable of wielding weapons or throwing items.
Your paws allow you to move quietly. (Stealth)
You have sharp claws.
You have razor-sharp teeth.
You have supernaturally acute eyesight. (SInv)
You cover ground quickly.
You are covered in fur. (AC +1)
Your sharp claws are effective at attacking unaware monsters.


Message History

You rejoin the land of the living...
Found a black potion.
There is a stone staircase leading up here.
You climb upwards.
A bat comes into view.
Found a fizzy green potion.
There is a stone staircase leading down here.
Casting: Sting (safe; 4% risk of failure)
Confirm with . or Enter, or press ? or * to list all spells.
Aiming: Sting (safe; 4% risk of failure)
Press: ? - help, Shift-Dir - straight line, f - bat
Aim: a bat (asleep, 0% to evade)
The sting hits the bat.
The bat is poisoned.
You kill the bat!
(D) Dungeon
Where to? (Enter - D:2, ? - help) Magic restored.
You climb downwards.
There is a stone staircase leading up here.
Found 8 gold pieces.
The orc priest shouts!
Casting: Sting (safe; 4% risk of failure)
Confirm with . or Enter, or press ? or * to list all spells.
Aiming: Sting (safe; 4% risk of failure)
Press: ? - help, Shift-Dir - straight line, f - orc priest
Aim: an orc priest, wielding a +0 dagger and wearing a +0 leather armour (29% to evade)
The sting hits the orc priest but does no damage.
The orc priest is poisoned.
The orc priest shouts!
Unknown command.
The orc priest closely misses you.
The orc priest looks encouraged for a moment.
The orc priest mumbles some strange prayers to Beogh against you.
Beogh smites you!
Ouch! That really hurt!
Things that are here:
a +0 trident; an orc corpse The orc priest invokes the aid of Beogh against you.
Pain shoots through your body!
You die...

#....o.#.####
#........##.#
#####.##.##.#
#.##.##.#
########.##.##.##
#...............#####
#..._................
#.^#####........####.
#...@)o..............
#..##..o........##.#.
#.o##...........##.#.
#..##...........##.#$
#..##..............#.
##.##########...####.
#.# ##...####. #.#
......... #†#
#...##(#


You could see 2 orc priests.

Vanquished Creatures
  A sky beast (D:3)
  An adder (D:3)
  An ooze (D:2)
  2 worms (D:2)
  4 dart slugs
  A leopard gecko (D:3)
  2 orcs (D:3)
  2 giant cockroaches
  4 goblins
  4 hobgoblins
  4 jackals (D:3)
  5 kobolds
  4 bats
  4 frilled lizards
  6 rats
45 creatures vanquished.

Vanquished Creatures (others)
  A fungus (D:3)
  12 toadstools (D:2)
13 creatures vanquished.

Grand Total: 58 creatures vanquished

Notes
Turn   | Place    | Note
-------+----------+-------------------------------------------
     0 | D:1      | inc the Felid Venom Mage began the quest for the Orb.
     0 | D:1      | Reached XP level 1. HP: 7/7 MP: 4/4
   120 | D:1      | Reached skill level 3 in Poison Magic
   293 | D:1      | Reached XP level 2. HP: 11/11 MP: 0/6
  1212 | D:2      | Reached XP level 3. HP: 14/14 MP: 3/7
  1297 | D:2      | Reached skill level 4 in Poison Magic
  1631 | D:2      | You fall into a shaft and drop 1 floor!
  1631 | D:3      | Found a broken altar of Ashenzari.
  2042 | D:3      | Noticed a sky beast
  2134 | D:3      | Killed a sky beast
  2135 | D:3      | Reached skill level 5 in Poison Magic
  2135 | D:3      | Reached XP level 4. HP: 18/18 MP: 1/8
  2135 | D:3      | Reached XP level 5. HP: 21/21 MP: 1/9
  2138 | D:3      | Learned a level 2 spell: Poisonous Vapours
  2563 | D:3      | Found a shimmering altar of Xom.
  2583 | D:3      | Killed from afar by an orc priest
  2584 | D:3      | Reached XP level 4. HP: -3/18 MP: 6/8
  2618 | D:3      | Killed from afar by an orc priest

Illustrated notes

Levels and vault maps discovered:
D:1:      minmay_arrival_checkered_box, layout_loops_cross
D:2:      layout_rooms, tgw_fedhas, chequers_ecumenical_altar_simple_redux,
          uniq_natasha
D:3:      layout_basic, overflow_temple_1_default,
          chequers_serial_rivers_micro_a, minmay_misc_feat_diagonals,
          lemuel_altar_in_water, uniq_crazy_yiuf_cottage

Skill      XL: |  1  2  3 |
---------------+----------+-----
Poison Magic   | 3 5 |  5.4
Dodging        | |  2.6
Stealth        | |  2.6
Spellcasting   | |  2.0
Transmutations | |  1.1

Action                   |  1- 3 |  4- 6 || total
-------------------------+-------+-------++-------
Melee: Unarmed           |    10 |       ||    10
 Cast: Sting             |    66 |    20 ||    86
 Stab: Sleeping          |     2 |       ||     2
Armor: Skin              |     1 |     1 ||     2
Dodge: Dodged            |    25 |    10 ||    35

Table legend: (Time is in decaauts)
 A = Elapsed time spent in this place.
 B = Non-inter-level travel time spent in this place.
 C = Inter-level travel time spent in this place.
 D = Time resting spent in this place.
 E = Time spent auto-exploring this place.
 F = Levels seen in this place.
 G = Mean time per level.
                   A        B        C        D        E       F      G
               +--------+--------+--------+--------+--------+-----+--------+
         Total |   2317 |   2284 |     33 |    379 |   1493 |   3 |  772.3 |
       Dungeon |   2317 |   2284 |     33 |    379 |   1493 |   3 |  772.3 |
               +--------+--------+--------+--------+--------+-----+--------+

Top non-repeatable levels by time:
     D:1: 882 daAuts
     D:3: 867 daAuts
     D:2: 568 daAuts
